 Dungeon Crawl Stone Soup version 0.22-a0-322-g60b3cfd (webtiles) character file.

14591 daWoody the Grappler (level 11, 0/110 HPs)
             Began as a Troll Fighter on Apr 5, 2018.
             Was a Priest of Wu Jian.
             Hit by a javelin thrown by a minotaur (32 damage)
             ... in a labyrinth.
             The game lasted 00:48:05 (10966 turns).

daWoody the Grappler (Troll Fighter)               Turns: 10966, Time: 00:48:05

Health: 0/110      AC: 14    Str: 31    XL:     11   Next: 90%
Magic:  10/10      EV: 10    Int:  4    God:    Wu Jian [***...]
Gold:   381        SH: 11    Dex: 10    Spells: 10/10 levels left

rFire    x . .     SeeInvis .     - Unarmed
rCold    + + .     Gourm    +   b - +0 shield
rNeg     . . .     Faith    .   x - +2 ice dragon scales
rPois    .         Spirit   .   (helmet restricted)
rElec    .         Reflect  .   (no cloak)
rCorr    .         Harm     .   (gloves unavailable)
MR       .....                  (boots unavailable)
Stlth    ..........             (no amulet)
HPRegen  0.68/turn              p - ring of flight
MPRegen  0.12/turn              L - +3 ring of strength

@: no status effects
A: large, unfitting armour, claws 3, fast metabolism 3, gourmand, regeneration
1, shaggy fur 1, tough skin 2
a: Wall Jump, Serpent's Lash, Renounce Religion, Evoke Flight


You were in a labyrinth.
You worshipped Wu Jian.
Wu Jian was most pleased with you.
You were near starving.

You visited 3 branches of the dungeon, and saw 14 of its levels.
You also visited: Labyrinth and Ossuary.

You collected 600 gold pieces.
You spent 219 gold pieces at shops.

Inventory:

Armour
 b - a +0 shield (worn)
 q - a +2 robe of positive energy
 x - +2 ice dragon scales (worn)
 Q - +0 acid dragon scales
Jewellery
 e - an uncursed ring of see invisible
 j - an uncursed ring of fire
 p - a ring of flight (left claw)
 C - an uncursed ring of ice
 F - a cursed -3 ring of intelligence {unknown}
 L - a +3 ring of strength (right claw)
Wands
 o - a wand of polymorph (2)
 u - a wand of iceblast (11)
 E - a wand of paralysis (17)
 S - a wand of flame (28)
Scrolls
 k - 4 scrolls of fog
 l - 10 scrolls of remove curse
 n - 3 scrolls of magic mapping
 s - 6 scrolls of teleportation
 y - 3 scrolls of enchant weapon {unknown}
 B - 2 scrolls of fear
 D - 2 scrolls of brand weapon {unknown}
 G - 3 scrolls of amnesia {unknown}
 I - a scroll of blinking
 J - 2 scrolls of random uselessness {unknown}
 K - a scroll of acquirement {unknown}
 M - a scroll of noise {unknown}
 O - 2 scrolls of vulnerability {unknown}
 R - a scroll of immolation {unknown}
Potions
 c - 3 potions of might
 g - 2 potions of curing {unknown}
 h - a potion of ambrosia {unknown}
 i - 8 potions of heal wounds
 m - 8 potions of mutation
 r - a potion of invisibility {unknown}
 v - 5 potions of resistance
 w - 3 potions of flight
 z - 2 potions of brilliance {unknown}
 H - 2 potions of cancellation {unknown}
Comestibles
 d - 23 rations


   Skills:
 + Level 7.7 Fighting
 + Level 7.8 Dodging
 * Level 7.8 Shields
 * Level 12.2 Unarmed Combat


You had 10 spell levels left.
You didn't know any spells.

Dungeon Overview and Level Annotations

Branches:
Dungeon (11/15)            Temple (1/1) D:7            Lair (2/6) D:10
  Swamp: Lair:2-4    Shoals: Lair:2-4     Snake: Lair:2-4    Spider: Lair:2-4
    Orc: D:9-12

Altars:
Ashenzari
Cheibriados
Dithmenos
Elyvilon
Fedhas
Gozag
Hepliaklqana
Kikubaaqudgha
Makhleb
Nemelex Xobeh
Okawaru
Qazlal
Ru
Sif Muna
Trog
Uskayaw
Vehumet
Wu Jian
Xom
Yredelemnul
Zin
The Shining One

Shops:
D:3 *   D:4 (   D:5 :   D:9 (}*=   D:11 }


Innate Abilities, Weirdness & Mutations

You are too large for most types of armour.
You have claws for hands.
Your metabolism is lightning-fast.
You like to eat raw meat.
Your natural rate of healing is unusually fast.
You are covered in fur. (AC +1)
You have very tough skin. (AC +2)


Message History

The minotaur is lightly wounded.
The minotaur hits you. You block the minotaur's attack.
You barely miss the minotaur.
The minotaur furiously retaliates!
The minotaur headbutts you.
The minotaur is lightly wounded.
The minotaur completely misses you. You block the minotaur's attack.
You scratch the minotaur but do no damage.
The minotaur is lightly wounded.
The minotaur hits you! The minotaur gores you!
You are too injured to fight recklessly!
You are too injured to fight recklessly!
The minotaur throws a javelin.
You block the javelin.
There is an open door here.
You see here a javelin.
You are near starving!
The minotaur throws a javelin.
The javelin hits you!
* * * LOW HITPOINT WARNING * * *
You see here a javelin.
The minotaur throws a javelin.
The javelin hits you!!
You die...

.###.# ### #..
.. # # .### #.
.#.# . .
.#............
#..##########
#..# #..#
##+### . .
#..###.⌠..# #
#..@((.H.⌠+ .
#..###<...#
##.# #..⌠.#
..# ###+##
##.# ..# ...
..


You could see a minotaur.

Vanquished Creatures
  The ghost of estick the Cleaver, a journeyman HOMo of Beogh (D:10)
  A hydra (D:11)
  The ghost of kiwi3s the Cleaver, a novice MiBe of Trog (D:8)
  2 two-headed ogres (D:11)
  Pikel (D:6)
  A centaur zombie (D:10)
  Psyche (D:8)
  3 spiny frogs (Lair:1)
  A komodo dragon (D:11)
  2 hornets
  2 trolls
  The ghost of 4tharraofdagon the Grave Robber, an amateur DgNe (D:6)
  5 blink frogs (Lair:1)
  2 hippogriffs
  Sigmund (D:2)
  3 hogs (D:7)
  7 yaks
  Eustachio (D:5)
  A human (D:7)
  A steam dragon (D:11)
  An acid dragon (D:11)
  3 water moccasins
  2 porcupines (Lair:1)
  An orc warrior (D:10)
  4 sky beasts
  A hornet zombie (D:9)
  3 ice beasts
  An eye of draining (D:9)
  A necrophage (D:8)
  3 phantoms
  3 ogres
  A centaur (D:11)
  2 crocodiles (Lair:1)
  2 elf zombies (Ossuary)
  2 big kobolds
  10 bullfrogs
  4 scorpions
  A howler monkey (D:4)
  3 wights (D:9)
  5 crimson imps
  A bullfrog zombie (D:10)
  2 quasits
  4 bullfrog skeletons
  A centaur skeleton (D:6)
  2 hounds (D:4)
  3 jellies
  2 orc priests
  A human zombie (Ossuary)
  An orc wizard (D:5)
  An iguana (D:10)
  6 worker ants
  A killer bee zombie (D:4)
  2 big kobold zombies (Ossuary)
  A hound zombie (D:5)
  A hound skeleton (D:8)
  2 mummies (Ossuary)
  A worker ant zombie (D:5)
  11 adders
  3 shadow imps
  An ooze (D:1)
  An adder zombie (D:6)
  2 dart slugs
  3 leopard geckos
  18 orcs
  5 bats
  5 giant cockroaches
  9 goblins
  10 hobgoblins
  15 jackals
  6 quokkas
  5 frilled lizards
  2 goblin zombies (Ossuary)
  8 hobgoblin zombies (Ossuary)
  2 jackal zombies (Ossuary)
  17 kobolds
  11 kobold zombies (Ossuary)
  A leopard gecko skeleton (D:9)
  9 orc zombies (Ossuary)
  4 rats
271 creatures vanquished.

Vanquished Creatures (others)
  3 slaves (D:6)
  A bullfrog zombie (D:6)
  A worker ant (D:6)
  A fungus (Lair:1)
6 creatures vanquished.

Grand Total: 277 creatures vanquished

Notes
Turn   | Place    | Note
-------+----------+-------------------------------------------
     0 | D:1      | daWoody the Troll Fighter began the quest for the Orb.
     0 | D:1      | Reached XP level 1. HP: 22/22 MP: 0/0
    99 | D:1      | Reached XP level 2. HP: 29/29 MP: 1/1
   513 | D:2      | Reached XP level 3. HP: 31/36 MP: 2/2
   560 | D:2      | Reached skill level 3 in Unarmed Combat
   565 | D:2      | Noticed Sigmund
   611 | D:2      | Killed Sigmund
   611 | D:2      | Reached skill level 4 in Unarmed Combat
   611 | D:2      | Reached XP level 4. HP: 13/45 MP: 3/3
   611 | D:2      | Reached XP level 5. HP: 15/53 MP: 4/4
  1040 | D:2      | Found a sparkling altar of Nemelex Xobeh.
  1427 | D:3      | Found an opulent altar of Gozag.
  1431 | D:3      | Found Gozag's Platinum Reserve.
  1436 | D:3      | Reached XP level 6. HP: 58/61 MP: 5/5
  2175 | D:4      | Found a blossoming altar of Fedhas.
  2408 | D:4      | Found Ugieg's Weapon Shoppe.
  2432 | D:4      | Reached skill level 5 in Unarmed Combat
  2432 | D:4      | Reached XP level 7. HP: 28/68 MP: 6/6
  2763 | D:5      | Entered Level 5 of the Dungeon
  2836 | D:5      | Noticed Eustachio
  2900 | D:5      | Killed Eustachio
  2916 | D:5      | Found a sand-covered staircase.
  2917 | D:5      | Found Liorch's Book Shoppe.
  2926 | Ossuary  | Entered an ossuary
  3073 | Ossuary  | Reached skill level 6 in Unarmed Combat
  3096 | Ossuary  | Reached XP level 8. HP: 55/78 MP: 7/7
  4091 | D:6      | Noticed 4tharraofdagon's ghost (amateur DgNe)
  4109 | D:6      | Killed 4tharraofdagon's ghost
  4109 | D:6      | Reached skill level 7 in Unarmed Combat
  4259 | D:6      | Noticed Pikel
  4275 | D:6      | Killed Pikel
  4275 | D:6      | Reached skill level 5 in Fighting
  4275 | D:6      | Reached skill level 5 in Dodging
  4275 | D:6      | Reached skill level 5 in Shields
  4275 | D:6      | Reached skill level 8 in Unarmed Combat
  4275 | D:6      | Reached XP level 9. HP: 85/88 MP: 8/8
  4327 | D:6      | Found an ornate altar of the Wu Jian Council.
  5023 | D:6      | Became a worshipper of the Wu Jian Council
  5080 | D:7      | Found a bloodstained altar of Trog.
  5094 | D:7      | Found a staircase to the Ecumenical Temple.
  5101 | Temple   | Entered the Ecumenical Temple
  5344 | D:7      | Reached skill level 9 in Unarmed Combat
  5447 | D:7      | Paralysed by a hornet for 3 turns
  5985 | D:8      | Noticed kiwi3s's ghost (novice MiBe)
  6008 | D:8      | Killed kiwi3s's ghost
  6008 | D:8      | Reached XP level 10. HP: 60/98 MP: 9/9
  6127 | D:8      | Reached * piety under Wu Jian
  6239 | D:8      | Noticed Psyche
  6258 | D:8      | Killed Psyche
  6454 | D:8      | Reached skill level 10 in Unarmed Combat
  6464 | D:8      | Found a deep blue altar of Sif Muna.
  6476 | D:8      | Found a stormy altar of Qazlal.
  6621 | D:9      | Found Woip's Weapon Emporium.
  6722 | D:9      | Found Estiym's General Store.
  6761 | D:9      | Found Kamiaklit's Jewellery Boutique.
  6776 | D:9      | Bought a +3 ring of strength for 219 gold pieces
  6811 | D:9      | Found Huymim's Gadget Emporium.
  6843 | D:9      | Paralysed by a hornet for 2 turns
  6851 | D:9      | Paralysed by a hornet for 2 turns
  7027 | D:9      | Found a white marble altar of Elyvilon.
  7125 | D:9      | Found a basalt altar of Yredelemnul.
  7327 | D:10     | Entered Level 10 of the Dungeon
  7422 | D:10     | Noticed estick's ghost (journeyman HOMo)
  7436 | D:10     | Killed estick's ghost
  7554 | D:10     | Reached XP level 11. HP: 107/107 MP: 10/10
  7559 | D:10     | Reached ** piety under Wu Jian
  7654 | D:10     | Reached skill level 11 in Unarmed Combat
  7983 | D:10     | Found a staircase to the Lair.
  8308 | D:11     | Noticed a two-headed ogre
  8316 | D:11     | Killed a two-headed ogre
  8450 | D:11     | Noticed a five-headed hydra
  8455 | D:11     | Killed an eight-headed hydra
  8551 | D:11     | Noticed a two-headed ogre
  8559 | D:11     | Killed a two-headed ogre
  8564 | D:11     | Found Lienid's Gadget Boutique.
  9101 | Lair:1   | Entered Level 1 of the Lair of Beasts
  9258 | Lair:1   | Reached *** piety under Wu Jian
  9283 | Lair:1   | Reached skill level 12 in Unarmed Combat
  9902 | Lair:2   | Found a labyrinth entrance.
  9911 | Lab      | Entered a labyrinth
 10956 | Lab      | Noticed a minotaur
 10966 | Lab      | Hit by a javelin thrown by a minotaur

Vault maps used:
D:1:      tarquinn_simple_flora_water_b
D:2:      lemuel_crystal_altar, minmay_goblin_kobold_house, uniq_sigmund
D:3:      nicolae_gozag_zags_fifth_avenue
D:4:      kennysheep_mini_moat, serial_shops, nicolae_shop_window_shopping
D:5:      nicolae_ossuary_entry_monument, first_ration, serial_shops,
          nicolae_shop_stone, uniq_eustachio
D:6:      old_standard_altar, uniq_pikel
D:7:      bloody_trog, minmay_temple_entry_mist, grunt_livestock
D:8:      grunt_temple_overflow_open, uniq_psyche
D:9:      kennysheep_ying_yang, serial_shops, shop, shop,
          nicolae_shop_waterfront, shop
D:10:     lair_entry_dummy
D:11:     serial_shops, nicolae_shop_waterfront
Temple:   eino_temple_water
Lair:2:   dragon1_lemuel, minmay_swamp_entry_worms, lab_entry_generic,
          infiniplex_staircase_pool_2, grunt_megastairs_4
Lab:      labyrinth_hidden_loot
Ossuary:  ossuary_tomb_1

Skill      XL: |  1  2  3  4  5  6  7  8  9 10 11 |
---------------+----------------------------------+-----
Unarmed Combat | 4 5 6 8 9 10 12 | 12.2
Fighting       | 3 4 5 6 7 |  7.7
Dodging        | 3 4 5 6 7 |  7.8
Shields        | 3 4 5 6 7 |  7.8

Action                   |  1- 3 |  4- 6 |  7- 9 | 10-12 || total
-------------------------+-------+-------+-------+-------++-------
Melee: Unarmed           |   105 |   188 |   447 |   368 ||  1108
Invok: Lunge             |       |       |     8 |    13 ||    21
       Whirlwind         |       |       |       |     3 ||     3
       Wall Jump         |       |       |       |    11 ||    11
  Use: Scroll            |       |     7 |     5 |     6 ||    18
 Stab: Sleeping          |       |     1 |       |       ||     1
  Eat: Chunk             |    11 |    17 |    31 |    38 ||    97
Armor: Robe              |    27 |    40 |       |       ||    67
       Skin              |    29 |       |       |     4 ||    33
       Ice dragon scales |       |    32 |   248 |    97 ||   377
Dodge: Dodged            |    25 |    63 |   129 |   102 ||   319
Block: Shield            |    47 |    97 |   238 |   153 ||   535

Table legend:
 A = Spawn XP
 B = Non-spawn XP
 C = Spawn XP percentage of total XP
 D = Spawn monster count
 E = Non-spawn monster count
 F = Spawn count percentage of total count
 G = Total turns spent on level
                    A         B        C        D         E        F      G
               +---------+---------+-------+---------+---------+-------+---------
         Total |       0 |   20845 |   0.0 |       0 |     271 |   0.0 | 10966
               +---------+---------+-------+---------+---------+-------+---------
           D:1 |       0 |      40 |   0.0 |       0 |      21 |   0.0 |   491
           D:2 |       0 |     322 |   0.0 |       0 |      31 |   0.0 |   783
           D:3 |       0 |      31 |   0.0 |       0 |      11 |   0.0 |   754
           D:4 |       0 |     449 |   0.0 |       0 |      16 |   0.0 |   735
           D:5 |       0 |     861 |   0.0 |       0 |      18 |   0.0 |  1026
           D:6 |       0 |    1785 |   0.0 |       0 |      18 |   0.0 |   972
           D:7 |       0 |    1664 |   0.0 |       0 |      24 |   0.0 |   722
           D:8 |       0 |    1923 |   0.0 |       0 |      13 |   0.0 |   572
           D:9 |       0 |    1844 |   0.0 |       0 |      24 |   0.0 |   804
          D:10 |       0 |    3049 |   0.0 |       0 |      23 |   0.0 |  1016
          D:11 |       0 |    4700 |   0.0 |       0 |      16 |   0.0 |   738
        Lair:1 |       0 |    3412 |   0.0 |       0 |      15 |   0.0 |   734
        Lair:2 |       0 |     401 |   0.0 |       0 |       2 |   0.0 |    71
       Ossuary |       0 |     364 |   0.0 |       0 |      39 |   0.0 |   298
               +---------+---------+-------+---------+---------+-------+---------
